 Dungeon Crawl Stone Soup version 0.29.1-15-g9cfb28693d (webtiles) character file.

Game seed: 417592111028303135

63 Arctor the Firebug (level 4, -1/24 HPs)
             Began as a Gargoyle Fire Elementalist on Feb 25, 2023.
             Slain by a phantom (6 damage)
             ... on level 2 of the Dungeon.
             The game lasted 00:03:20 (2992 turns).

Arctor the Firebug (Gargoyle Fire Elementalist)     Turns: 2992, Time: 00:03:21

Health: -1/24      AC:  5    Str: 11    XL:     4   Next: 9%
Magic:  2/7        EV: 10    Int: 18    God:
Gold:   46         SH:  6    Dex: 10    Spells: 6/7 levels left

rFire   . . .      SeeInvis .   (no weapon)
rCold   . . .      Faith    .   k - +0 kite shield
rNeg    + . .      Spirit   .   a - +0 robe
rPois   ∞          Reflect  .   (no helmet)
rElec   +          Harm     .   (no cloak)
rCorr   .          Rampage  .   (no gloves)
Will    .....                   (no boots)
Stlth   ++........              (no amulet)
HPRegen 0.08/turn               (no ring)
MPRegen 0.10/turn               (no ring)

@: very slightly contaminated
A: sickness immunity, AC +3, negative energy resistance 1, electricity
resistance, torment resistance 1, petrification resistance
a: no special abilities


You were on level 2 of the Dungeon.
You visited 1 branch of the dungeon, and saw 3 of its levels.

You collected 46 gold pieces.

Inventory:

Armour
 a - a +0 robe (worn)
 k - a +0 kite shield (worn)
Jewellery
 r - a ring of ice
Scrolls
 c - a scroll of brand weapon
 d - a scroll of enchant weapon
 j - a scroll of noise
Potions
 b - 2 potions of magic
 i - a potion of curing
 l - a potion of might {unknown}
 m - a potion of cancellation {unknown}
 n - a potion of flight {unknown}
 o - a potion of heal wounds {unknown}
 p - a potion of invisibility {unknown}


   Skills:
 + Level 2.0 Dodging
 + Level 2.9 Stealth
 + Level 1.0 Shields
 + Level 2.4 Spellcasting
 + Level 1.9 Conjurations
 + Level 3.3 Fire Magic


You had 6 spell levels left.
You knew the following spells:

 Your Spells              Type           Power      Damage    Failure   Level
a - Foxfire               Conj/Fire      44%        2x1d6     21%         1

Your spell library contained the following spells:

 Spells                   Type           Power      Damage    Failure   Level
 Scorch                   Fire           28%        2d6       22%         2
 Static Discharge         Conj/Air       5%         3-4/arc   52%         2
 Conjure Flame            Conj/Fire      11%        6-21      52%         3
 Inner Flame              Hex/Fire       8%         N/A       65%         3
 Flame Wave               Conj/Fire      11%        2d6       89%         4
 Lightning Bolt           Conj/Air       2%         1d14      100%        5
 Maxwell's Capacitive Co  Air            1%         ∞         100%        8


Dungeon Overview and Level Annotations

Branches:
Dungeon (3/15)

Altars:
Elyvilon


Innate Abilities, Weirdness & Mutations

You are immune to sickness and miasma.
Your stone body is resilient. (AC +3)
You are immune to poison.
You resist negative energy. (rN+)
You are resistant to electric shocks. (rElec)
You are resistant to unholy torment.
You are immune to petrification.


Message History

Your magical contamination has completely faded away.
A phantom comes into view.
Casting: Foxfire (safe; 21% risk of failure)
Confirm with . or Enter, or press ? or * to list all spells.
You miscast Foxfire.
You are very lightly contaminated with residual magic.
Nothing appears to happen.
Casting: Foxfire (safe; 21% risk of failure)
Confirm with . or Enter, or press ? or * to list all spells.
You don't have enough magic to cast this spell.
Casting: Foxfire (safe; 21% risk of failure)
Confirm with . or Enter, or press ? or * to list all spells.
You don't know that spell.
There is a stone staircase leading up here.
The phantom closely misses you.
You climb upwards.
There is a stone staircase leading down here.
The phantom attacks as you move away! The phantom hits you.
Your magical contamination has completely faded away.
The phantom attacks as you move away!
The phantom hits you but does no damage.
There is an open door here.
The phantom attacks as you move away! The phantom hits you!
* * * LOW HITPOINT WARNING * * *
The phantom barely misses you.
You see here 6 stones.
There is a stone staircase leading up here.
The phantom hits you.
* * * LOW HITPOINT WARNING * * *
The phantom blinks!
You blink.
You stop ascending the stairs.
Unknown command.
Casting: Foxfire (safe; 21% risk of failure)
Confirm with . or Enter, or press ? or * to list all spells.
You miscast Foxfire.
You are very lightly contaminated with residual magic.
Nothing appears to happen.
You block the phantom's attack.
Unknown command.
Unknown command.
The phantom hits you.
You die...

### ###.. #.... #####
#.... #.(.# #....
###.#.# #.... #.@W#.#
#.... #.###.# #.... #<#
#.# ##.... #.# #.#
#.....
#####'########.....
#.........##.....
########.........##.###.
#................##.....
#.......................


You could see a phantom.

Vanquished Creatures
  An adder (D:2)
  2 worms
  3 dart slugs
  2 orcs (D:3)
  2 bats
  2 endoplasms
  2 giant cockroaches
  4 goblins
  2 hobgoblins (D:2)
  A jackal (D:2)
  A kobold (D:2)
  3 quokkas
  8 ball pythons
  2 frilled lizards
  5 rats
40 creatures vanquished.

Vanquished Creatures (others)
  176 foxfires
176 creatures vanquished.

Grand Total: 216 creatures vanquished

Notes
Turn   | Place    | Note
-------+----------+-------------------------------------------
     0 | D:1      | Arctor the Gargoyle Fire Elementalist began the quest for
                  | the Orb.
     0 | D:1      | Reached XP level 1. HP: 10/10 MP: 3/3
   334 | D:1      | Reached XP level 2. HP: 13/15 MP: 1/5
  1395 | D:2      | Found a white marble altar of Elyvilon.
  1431 | D:2      | Reached XP level 3. HP: 11/19 MP: 0/6
  2595 | D:3      | Reached XP level 4. HP: 6/24 MP: 1/7
  2831 | D:3      | Reached skill level 1 in Shields
  2962 | D:3      | Noticed a phantom
  2992 | D:2      | Slain by a phantom

Illustrated notes

Levels and vault maps discovered:
D:1:      lightli_molten_gateway, layout_basic, serial_glass, glass_columns_a,
          glass_columns_a, glass_columns_a, glass_columns_b, glass_columns_a,
          glass_columns_a
D:2:      layout_basic, basic_altar, minmay_cupped
D:3:      layout_basic, amcnicky_altar_gilded, minmay_checkerbox, uniq_robin,
          uniq_crazy_yiuf_cottage

Skill      XL: |  1  2  3  4 |
---------------+-------------+-----
Dodging        | 2 |  2.0
Shields        | 1 |  1.0
Stealth        | |  2.9
Spellcasting   | |  2.4
Conjurations   | |  1.9
Fire Magic     | |  3.3

Action                   |  1- 3 |  4- 6 || total
-------------------------+-------+-------++-------
Melee: Unarmed           |    54 |       ||    54
 Cast: Foxfire           |    93 |    13 ||   106
  Use: Scroll            |     8 |       ||     8
       Potion            |     2 |       ||     2
 Stab: Sleeping          |     2 |       ||     2
Armor: Robe              |    28 |     3 ||    31
Dodge: Dodged            |    37 |     3 ||    40
Block: Kite shield       |    22 |     1 ||    23
